 Dungeon Crawl Stone Soup version 0.31.0-4-g52a2dc7128 (webtiles) character file.

Game seed: 2035752571513587658

293 zazu2006 the Cutter (level 6, 0/51 HPs)
             Began as a Gnoll Wanderer on Jan 22, 2024.
             Splashed by a jelly's acid (9 damage)
             ... on level 5 of the Dungeon.
             The game lasted 00:06:07 (2651 turns).

zazu2006 the Cutter (Gnoll Wanderer)                Turns: 2651, Time: 00:06:09

Health: 0/51       AC: -1    Str: 11    XL:     6   Next: 33%
Magic:  2/11       EV: 11    Int: 14    God:
Gold:   191        SH:  5    Dex: 11    Spells: 10/11 levels left

rFire   + . .        h - +1 dagger (venom)
rCold   . . .        b - +0 buckler
rNeg    . . .        s - +2 leather armour {rF+}
rPois   .            n - +0 helmet
rElec   .            (no cloak)
rCorr   .            (no gloves)
SInv    .            (no boots)
Will    .....        (no amulet)
Stlth   ++           (no ring)
HPRegen 0.28/turn    (no ring)
MPRegen 0.12/turn

%: no passive effects
@: corroded
A: fangs 1, strong nose, distributed training
a: no special abilities


You were on level 5 of the Dungeon.
You visited 1 branch of the dungeon, and saw 4 of its levels.

You collected 191 gold pieces.

Inventory:

Hand Weapons
 a - a +2 short sword
 h - a +1 dagger of venom (weapon)
Armour
 b - a +0 buckler (worn)
 n - a +0 helmet (worn)
 s - a +2 leather armour of fire resistance (worn)
Scrolls
 d - a scroll of fear {unknown}
 e - a scroll of enchant armour {unknown}
 g - a scroll of fog {unknown}
 i - 3 scrolls of identify {unknown}
 k - 3 scrolls of vulnerability {unknown}
 l - a scroll of immolation {unknown}
 o - a scroll of silence {unknown}
 p - a scroll of acquirement {unknown}
 q - 2 scrolls of blinking {unknown}
 r - a scroll of poison {unknown}
Potions
 c - a potion of might
 f - a potion of attraction {unknown}
 j - a potion of enlightenment {unknown}
 m - 3 potions of curing {unknown}


   Skills:
 + Level 5.0 Fighting
 + Level 6.8 Short Blades
 + Level 2.0 Long Blades
 + Level 2.0 Axes
 + Level 2.0 Maces & Flails
 + Level 2.0 Polearms
 + Level 2.0 Staves
 + Level 2.0 Ranged Weapons
 + Level 2.0 Throwing
 + Level 2.0 Armour
 + Level 2.0 Dodging
 + Level 2.0 Stealth
 + Level 5.0 Shields
 + Level 2.0 Unarmed Combat
 + Level 3.4 Spellcasting
 + Level 1.5 Conjurations
 + Level 1.5 Hexes
 + Level 1.5 Summonings
 + Level 1.5 Necromancy
 + Level 1.5 Translocations
 + Level 2.6 Fire Magic
 + Level 1.5 Ice Magic
 + Level 1.5 Air Magic
 + Level 1.5 Earth Magic
 + Level 1.5 Alchemy
 + Level 2.2 Invocations
 + Level 3.2 Evocations
 + Level 1.8 Shapeshifting


You had 10 spell levels left.
You knew the following spells:

 Your Spells              Type           Power      Damage    Failure   Level
a - Foxfire               Conj/Fire      32%        2x1d5     16%         1

Your spell library contained the following spells:

 Spells                   Type           Power      Damage    Failure   Level
 Freeze                   Ice            24%        1d4       19%         1
 Slow                     Hex            24%        N/A       19%         1
 Volatile Blastmotes      Fire/Tloc      16%        2d11      43%         3
 Confusing Touch          Hex            6%         N/A       50%         3
 Frozen Ramparts          Ice            12%        1d2       50%         3
 Hailstorm                Conj/Ice       6%         3d5       50%         3
 Sigil of Binding         Hex            6%         N/A       50%         3
 Vampiric Draining        Necr           6%         2d6       50%         3


Dungeon Overview and Level Annotations

Branches:
Dungeon (3/15)

Altars:


Innate Abilities, Weirdness & Mutations

You have very sharp teeth.
Your uncanny sense of smell can sniff out nearby items.
Your experience applies equally to all skills.


Message History

Reactivating autopickup.
You feel a bit more experienced.
The foxfire hits the orc.
The orc is lightly wounded.
The orc hits you with a +0 flail.
Your Long Blades skill increases to level 2!
Your Axes skill increases to level 2!
Your Maces & Flails skill increases to level 2!
Your Polearms skill increases to level 2!
Your Staves skill increases to level 2!
Your Ranged Weapons skill increases to level 2!
Your Throwing skill increases to level 2!
Your Armour skill increases to level 2!
Your Dodging skill increases to level 2!
Your Stealth skill increases to level 2!
Your Unarmed Combat skill increases to level 2!
Found a cloak.
Things that are here:
a +0 flail; a gnoll corpse; an adder corpse The orc attacks as it pursues you!
The orc hits you with a +0 flail.
A hound comes into view.
The orc attacks as it pursues you! The orc hits you with a +0 flail.
The hound barks!
The orc hits you but does no damage. The orc attacks as it pursues you!
The orc barely misses you.
You hit the orc.
The orc is poisoned.
The orc is lightly wounded.
The orc hits you with a +0 flail.
You closely miss the orc.
The orc is lightly wounded.
You hit the jelly.
The jelly is poisoned.
Your hands burn!
The jelly is lightly wounded.
You hit the jelly. The acid corrodes you!
Your hands burn!
You bite the jelly.
The jelly is moderately wounded.
You hit the jelly.
Your hands burn!
* * * LOW HITPOINT WARNING * * *
The jelly is heavily wounded.
The jelly hits you.
* * * LOW HITPOINT WARNING * * *
The acid corrodes you!
You are splashed with acid!
You die...

.# ..# .# ..# .#
..# .# #h# .# #.#
##.# #.# #†.#
#.####o####.#
#...@Jo..).)######
#.[###.............
#. #####..#####.# #
#..# ∆ #..# #..# ∆
#..# #..# #..#


You could see a jelly (very poisoned) and 2 orcs.

Vanquished Creatures
  An iguana (D:5)
  2 orc wizards
  Robin (D:2)
  8 adders
  A gnoll (D:5)
  A shadow imp (D:5)
  A ribbon worm (D:2)
  A dart slug (D:1)
  3 orcs (D:3)
  7 ball pythons
  5 endoplasms
  4 giant cockroaches
  19 goblins
  10 hobgoblins
  9 jackals
  5 kobolds
  7 quokkas
  6 bats
  9 frilled lizards
  3 rats
103 creatures vanquished.

Vanquished Creatures (others)
  166 foxfires
166 creatures vanquished.

Grand Total: 269 creatures vanquished

Notes
Turn   | Place    | Note
-------+----------+-------------------------------------------
     0 | D:1      | zazu2006 the Gnoll Wanderer began the quest for the Orb.
     0 | D:1      | zazu2006 set off with the following items: a +2 short
                  | sword, a +0 buckler, a potion of might, a +0 robe; and the
                  | following spell memorised: Foxfire; and the following
                  | spells available to memorise: Volatile Blastmotes.
     0 | D:1      | Reached XP level 1. HP: 20/20 MP: 4/4
    84 | D:1      | Reached XP level 2. HP: 16/26 MP: 2/5
   476 | D:1      | Reached XP level 3. HP: 30/31 MP: 5/7
   834 | D:1      | Reached skill level 1 in Invocations
  1217 | D:2      | Reached skill level 1 in Long Blades
  1217 | D:2      | Reached skill level 1 in Axes
  1217 | D:2      | Reached skill level 1 in Maces & Flails
  1217 | D:2      | Reached skill level 1 in Polearms
  1217 | D:2      | Reached skill level 1 in Staves
  1217 | D:2      | Reached skill level 1 in Ranged Weapons
  1217 | D:2      | Reached skill level 1 in Throwing
  1217 | D:2      | Reached skill level 1 in Armour
  1217 | D:2      | Reached skill level 1 in Dodging
  1217 | D:2      | Reached skill level 1 in Stealth
  1217 | D:2      | Reached skill level 1 in Unarmed Combat
  1232 | D:2      | Reached skill level 1 in Shapeshifting
  1232 | D:2      | Reached XP level 4. HP: 38/38 MP: 1/8
  1281 | D:2      | Reached skill level 1 in Conjurations
  1281 | D:2      | Reached skill level 1 in Hexes
  1281 | D:2      | Reached skill level 1 in Summonings
  1281 | D:2      | Reached skill level 1 in Necromancy
  1281 | D:2      | Reached skill level 1 in Translocations
  1281 | D:2      | Reached skill level 1 in Ice Magic
  1281 | D:2      | Reached skill level 1 in Air Magic
  1281 | D:2      | Reached skill level 1 in Earth Magic
  1281 | D:2      | Reached skill level 1 in Alchemy
  1381 | D:2      | Noticed Robin
  1518 | D:2      | Reached XP level 5. HP: 33/43 MP: 5/9
  1868 | D:2      | Killed Robin
  2549 | D:3      | You fall into a shaft and drop 2 floors!
  2549 | D:5      | Entered Level 5 of the Dungeon
  2565 | D:5      | Reached XP level 6. HP: 50/50 MP: 5/11
  2610 | D:5      | Reached skill level 5 in Fighting
  2610 | D:5      | Reached skill level 5 in Shields
  2651 | D:5      | Splashed by a jelly's acid

Illustrated notes

Levels and vault maps discovered:
D:1:      lemuel_arrival_lava_pool, layout_basic, serial_bayou_pond_d
D:2:      cheibrodos_helix_gallery, layout_rooms, uniq_robin
D:3:      layout_basic
D:5:      layout_loops_ring

Skill      XL: |  1  2  3  4  5  6 |
---------------+-------------------+-----
Fire Magic     | 2 |  2.6
Invocations    | 1 2 |  2.2
Long Blades    | 1 2 |  2.0
Axes           | 1 2 |  2.0
Maces & Flails | 1 2 |  2.0
Polearms       | 1 2 |  2.0
Staves         | 1 2 |  2.0
Ranged Weapons | 1 2 |  2.0
Throwing       | 1 2 |  2.0
Armour         | 1 2 |  2.0
Dodging        | 1 2 |  2.0
Stealth        | 1 2 |  2.0
Unarmed Combat | 1 2 |  2.0
Spellcasting   | 3 |  3.4
Shapeshifting  | 1 |  1.8
Conjurations   | 1 |  1.5
Hexes          | 1 |  1.5
Summonings     | 1 |  1.5
Necromancy     | 1 |  1.5
Translocations | 1 |  1.5
Ice Magic      | 1 |  1.5
Air Magic      | 1 |  1.5
Earth Magic    | 1 |  1.5
Alchemy        | 1 |  1.5
Evocations     | 3 |  3.2
Fighting       | 5 |  5.0
Shields        | 5 |  5.0
Short Blades   | |  6.8

Action                     |  1- 3 |  4- 6 || total
---------------------------+-------+-------++-------
  Melee: Short sword       |    32 |       ||    32
         Bite              |     7 |     9 ||    16
         Dagger            |    24 |   132 ||   156
   Cast: Foxfire           |    45 |    58 ||   103
 Armour: Robe              |    26 |    51 ||    77
         Leather armour    |       |    35 ||    35
  Dodge: Dodged            |    34 |    78 ||   112
  Block: Buckler           |    12 |    31 ||    43
